 Dungeon Crawl Stone Soup version 0.25-a0-719-gde951dc (webtiles) character file.

Game seed: 5917253896257570404, levelgen mode: deterministic

2379 BlueFish the Thaumaturge (level 9, -7/66 HPs)
             Began as a Mummy Conjurer on Apr 6, 2020.
             Was an Initiate of Kikubaaqudgha.
             Killed from afar by Maggie (36 damage)
             ... with a bolt of fire
             ... on level 7 of the Dungeon.
             The game lasted 00:12:59 (6767 turns).

BlueFish the Thaumaturge (Mummy Conjurer)           Turns: 6767, Time: 00:13:00

Health: -7/66      AC:  3    Str: 10    XL:     9   Next: 22%
Magic:  17/21      EV: 14    Int: 27    God:    Kikubaaqudgha [......]
Gold:   327        SH:  0    Dex: 17    Spells: 15/25 levels left

rFire    x . .     SeeInvis .   k - +10 short sword "Bored" {speed, rN+ Str-5 Int+4}
rCold    + . .     Gourm    .   (no shield)
rNeg     + + +     Faith    .   a - +0 robe
rPois    ∞         Spirit   .   (no helmet)
rElec    +         Reflect  .   (no cloak)
rCorr    .         Harm     .   (no gloves)
MR       +....                  l - +0 pair of boots
Stlth    +++.......             n - amulet of magic regeneration
HPRegen  0.21/turn              j - ring of Hinit {*Slow rElec Str+4 Int+5 Dex+5}
MPRegen  0.42/turn              (no ring)

@: no status effects
A: no food or potions, fire vulnerability, cold resistance 1, negative energy
resistance 3, torment resistance, unbreathing
a: Renounce Religion


You were on level 7 of the Dungeon.
You worshipped Kikubaaqudgha.
Kikubaaqudgha was noncommittal.
You were not hungry.

You visited 2 branches of the dungeon, and saw 8 of its levels.

You collected 327 gold pieces.

Inventory:

Hand Weapons
 e - a +2 dagger of electrocution
 f - a +0 short sword
 k - the +10 short sword "Bored" (weapon) {speed, rN+ Str-5 Int+4}
   (You found it on level 4 of the Dungeon)

   Attacks with this weapon are significantly faster.
   It affects your strength (-5).
   It affects your intelligence (+4).
   It protects you from negative energy.
Armour
 a - a +0 robe (worn)
 l - a +0 pair of boots (worn)
Jewellery
 j - the ring of Hinit (left hand) {*Slow rElec Str+4 Int+5 Dex+5}
   (You found it on level 4 of the Dungeon)

   [ring of intelligence]

   It affects your strength (+4).
   It affects your intelligence (+5).
   It affects your dexterity (+5).
   It insulates you from electricity.
   It may slow you when you take damage.
 n - an amulet of magic regeneration (around neck)
Scrolls
 b - 3 scrolls of teleportation
 c - 2 scrolls of amnesia
 d - 2 scrolls of enchant weapon
 g - 2 scrolls of magic mapping {unknown}
 h - 3 scrolls of remove curse
 i - a scroll of enchant armour {unknown}
 m - a scroll of fog {unknown}


   Skills:
 * Level 4.7 Fighting
 + Level 3.1 Short Blades
   Level 0.1 Maces & Flails
 * Level 3.8 Dodging
 * Level 4.4 Stealth
 * Level 8.5 Spellcasting
 + Level 5.3 Conjurations
 + Level 0.1 Hexes


You had 15 spell levels left.
You knew the following spells:

 Your Spells              Type           Power        Failure   Level  Hunger
a - Magic Dart            Conj           ####         1%          1    N/A
b - Searing Ray           Conj           #####.       1%          2    N/A
c - Dazzling Flash        Conj/Hex       ####..       4%          3    N/A
d - Iskenderun's Mystic   Conj/Tloc      ####....     16%         4    N/A

Your spell library contained the following spells:

 Spells                   Type           Power        Failure   Level  Hunger
 Fulminant Prism          Conj/Hex       ####......   16%         4    N/A

Dungeon Overview and Level Annotations

Branches:
Dungeon (7/15)             Temple (1/1) D:4

Altars:
Ashenzari
Cheibriados
Dithmenos
Elyvilon
Gozag
Hepliaklqana
Kikubaaqudgha
Makhleb
Nemelex Xobeh
Okawaru
Qazlal
Sif Muna
Trog
Uskayaw
Vehumet
Wu Jian
Xom
Zin
The Shining One

Shops:
D:5 ?

Annotations:
D:4 3 runed translucent doors, mordus's ghost, amateur DsFi
D:7 Maggie


Innate Abilities, Weirdness & Mutations

You do not eat or drink.
Your flesh is vulnerable to fire.
You are immune to poison.
Your flesh is cold resistant. (rC+)
You are immune to negative energy. (rN+++)
You are immune to unholy pain and torment.
You can survive without breathing.


Message History

Confirm with . or Enter, or press ? or * to list all spells.
Something hits you! Something burns you.
You hit something. You barely miss something. Something hits you.
Something burns you.
You miss something. You hit something.
You hear some strange, mumbled words.
You hit something. You hit something.
A killer bee comes into view.
You hear some strange, mumbled words.
The killer bee buzzes angrily.
You hit something but do no damage.
You hear an angry buzzing noise.
You hear some strange, mumbled words.
A bolt of fire appears from out of thin air!
The bolt of fire hits you!!! The fire burns you terribly!
Ouch! That really hurt!
You die...
Kikubaaqudgha rasps: "You have failed me!
Welcome... oblivion!"

##########
.....<...## #
########..# ..#
##########.####.....
#......<.@...†......
#..........##.......
.......y....# #......
##...†...............
#..........###......
#.....####### ..<..
..#### @... ## ....


You could see a killer bee.

Vanquished Creatures
  A steam dragon (D:6)
  2 water moccasins
  An orc warrior (D:6)
  A phantom (D:4)
  A sky beast (D:5)
  An ice beast (D:6)
  5 ogres
  A centaur (D:6)
  2 bullfrogs
  A gnoll sergeant (D:5)
  A scorpion (D:6)
  3 wights (D:6)
  2 howler monkeys
  A crimson imp (D:6)
  2 quasits
  2 bullfrog zombies (D:6)
  2 orc wizards
  2 bullfrog skeletons (D:5)
  A centaur skeleton (D:6)
  2 hounds
  6 worker ants
  A hound skeleton (D:5)
  5 gnolls (D:5)
  A howler monkey skeleton (D:5)
  7 adders
  An adder skeleton (D:4)
  A worm (D:6)
  A dart slug (D:5)
  5 leopard geckos
  11 orcs
  A ball python (D:2)
  5 giant cockroaches
  6 goblins
  3 hobgoblins
  4 jackals (D:5)
  4 quokkas
  8 bats
  4 frilled lizards
  A giant cockroach zombie (D:5)
  2 kobolds (D:1)
  A quokka skeleton (D:4)
  7 rats
119 creatures vanquished.

Notes
Turn   | Place    | Note
-------+----------+-------------------------------------------
     0 | D:1      | BlueFish the Mummy Conjurer began the quest for the Orb.
     0 | D:1      | Reached XP level 1. HP: 13/13 MP: 4/4
   313 | D:1      | Reached XP level 2. HP: 17/20 MP: 1/5
   668 | D:1      | Learned a level 2 spell: Searing Ray
   866 | D:2      | Reached skill level 3 in Spellcasting
  1265 | D:2      | Reached XP level 3. HP: 25/25 MP: 5/7
  1270 | D:2      | Learned a level 3 spell: Dazzling Flash
  1364 | D:2      | Found an ornate altar of the Wu Jian Council.
  1678 | D:2      | Reached skill level 1 in Fighting
  1988 | D:3      | Reached XP level 4. HP: 24/32 MP: 0/9
  1994 | D:3      | Learned a level 4 spell: Iskenderun's Mystic Blast
  2564 | D:3      | Found an iron altar of Okawaru.
  2631 | D:3      | Reached XP level 5. HP: 38/38 MP: 5/10
  2745 | D:3      | Reached skill level 4 in Spellcasting
  3023 | D:4      | Found a staircase to the Ecumenical Temple.
  3032 | Temple   | Entered the Ecumenical Temple
  3142 | D:4      | Found a runed translucent gate.
  3143 | D:4      | Found a runed translucent gate.
  3144 | D:4      | Found a runed translucent gate.
  3147 | D:4      | Noticed mordus's ghost (amateur DsFi)
  3147 | D:4      | Noticed a phantom
  3467 | D:4      | Got a sparkling steel ring
  3468 | D:4      | Identified the ring of Hinit {*Slow rElec Str+4 Int+5
                  | Dex+5} (You found it on level 4 of the Dungeon)
  3568 | D:4      | Found a snail-covered altar of Cheibriados.
  3591 | D:4      | Got a faintly glowing short sword
  3592 | D:4      | Identified the +10 short sword "Bored" {speed, rN+ Str-5
                  | Int+4} (You found it on level 4 of the Dungeon)
  3630 | D:4      | Found a glowing silver altar of Zin.
  3886 | D:5      | Entered Level 5 of the Dungeon
  3886 | D:5      | Noticed a phantom
  3912 | D:4      | Killed a phantom
  3912 | D:4      | Reached XP level 6. HP: 39/44 MP: 0/13
  4007 | D:5      | Noticed a water moccasin
  4019 | D:5      | Killed a water moccasin
  4019 | D:5      | Reached skill level 1 in Short Blades
  4019 | D:5      | Reached skill level 5 in Spellcasting
  4059 | D:5      | Reached XP level 7. HP: 47/51 MP: 10/15
  4305 | D:5      | Reached skill level 6 in Spellcasting
  4512 | D:5      | Found a bloodstained altar of Trog.
  4664 | D:5      | Found a burning altar of Makhleb.
  4807 | D:5      | Reached XP level 8. HP: 58/58 MP: 13/18
  4888 | D:5      | Reached skill level 7 in Spellcasting
  4964 | D:5      | Found Geiciha's Magic Scroll Emporium.
  5097 | D:6      | Found a hazy altar of Hepliaklqana.
  5252 | D:6      | Found a hide-covered altar of Uskayaw.
  5255 | D:6      | Found an opulent altar of Gozag.
  5258 | D:6      | Found a shadowy altar of Dithmenos.
  5261 | D:6      | Found a sparkling altar of Nemelex Xobeh.
  5392 | D:6      | Found an ancient bone altar of Kikubaaqudgha.
  5409 | D:6      | Became a worshipper of Kikubaaqudgha
  5691 | D:6      | Reached skill level 5 in Conjurations
  5823 | D:6      | Reached skill level 8 in Spellcasting
  6220 | D:6      | Reached XP level 9. HP: 65/65 MP: 16/21
  6744 | D:7      | Noticed Maggie
  6767 | D:7      | Killed from afar by Maggie

Levels and vault maps discovered:
D:1:      eino_arrival_water_cross, layout_basic
D:2:      layout_loops_cross, lemuel_doored_altar, first_ration
D:3:      layout_basic, okawaru_gym_becter
D:4:      layout_cave_pools, zin_treasury, old_standard_altar,
          minmay_temple_entry_trees, gammafunk_ghost_split
D:5:      layout_rooms, kennysheep_mini_moat, serial_shops,
          kennysheep_little_box, minivault_14, dk_vineyard_1,
          trog_butcher_becter
D:6:      layout_loops_ring, grunt_temple_overflow_cloverleaf,
          kiku_gazebo_pond_becter, basic_altar, minmay_splitting_lines
D:7:      layout_rooms, kennysheep_generic_room_14, uniq_pikel, uniq_maggie,
          uniq_prince_ribbit1
Temple:   kb_temple_of_zot

Skill      XL: |  1  2  3  4  5  6  7  8 |
---------------+-------------------------+-----
Spellcasting   | 3 4 5 6 8 |  8.5
Fighting       | 1 2 3 4 |  4.7
Conjurations   | 4 5 |  5.3
Dodging        | 2 3 |  3.8
Stealth        | 2 3 4 |  4.4
Short Blades   | 1 2 3 |  3.1
Maces & Flails | |  0.1
Hexes          | |  0.1

Action                   |  1- 3 |  4- 6 |  7- 9 || total
-------------------------+-------+-------+-------++-------
Melee: Club              |    14 |       |       ||    14
       Short sword       |    14 |    41 |    58 ||   113
 Cast: Magic Dart        |    59 |    64 |   108 ||   231
       Searing Ray       |     3 |     4 |    22 ||    29
       Dazzling Flash    |       |       |     6 ||     6
  Use: Scroll            |     2 |     2 |     2 ||     6
 Stab: Invisible         |       |       |     4 ||     4
Armor: Robe              |    13 |     8 |    13 ||    34
Dodge: Dodged            |    35 |    33 |    44 ||   112

Table legend:
 A = Non-vault XP
 B = Vault XP
 C = Vault XP percentage of total XP
 D = Non-vault monster count
 E = Vault monster count
 F = Vault count percentage of total count
                 A         B        C        D         E       F
            +---------+---------+-------+---------+---------+-------
      Total |    3389 |      10 |   0.3 |     115 |       4 |   3.4
            +---------+---------+-------+---------+---------+-------
        D:1 |      22 |       0 |   0.0 |      14 |       0 |   0.0
        D:2 |      47 |       0 |   0.0 |      19 |       0 |   0.0
        D:3 |     163 |       0 |   0.0 |      20 |       0 |   0.0
        D:4 |     223 |       0 |   0.0 |       8 |       0 |   0.0
        D:5 |    1091 |      10 |   0.9 |      26 |       4 |  13.3
        D:6 |    1603 |       0 |   0.0 |      25 |       0 |   0.0
        D:7 |     240 |       0 |   0.0 |       3 |       0 |   0.0
            +---------+---------+-------+---------+---------+-------
